 Dungeon Crawl Stone Soup version 0.26.1-11-gd32895ea62 (webtiles) character file.

Game seed: 7829452785922122010

19 Tirrikindir the Shield-Bearer (level 2, -6/21 HPs)
             Began as an Octopode Fighter on June 21, 2021.
             Mangled by a worm (9 damage)
             ... on level 2 of the Dungeon.
             The game lasted 00:01:01 (840 turns).

Tirrikindir the Shield-Bearer (Octopode Fighter)     Turns: 840, Time: 00:01:01

Health: -6/21      AC:  1    Str: 15    XL:     2   Next: 75%
Magic:  2/2        EV: 11    Int: 10    God:
Gold:   19         SH:  8    Dex: 11    Spells: 1/1 levels left

rFire    + . .     SeeInvis .   a - +0 long sword
rCold    . . .     Faith    .   b - +0 kite shield
rNeg     . . .     Spirit   .   (helmet restricted)
rPois    .         Reflect  .   (no amulet)
rElec    .         Harm     .   d - ring of protection from fire
rCorr    .         Rampage  .   (no ring)
Will     .....                  (no ring)
Stlth    +++.......             (no ring)
HPRegen  0.07/turn              (no ring)
MPRegen  0.08/turn              (no ring)
                                (no ring)
                                (no ring)

@: no status effects
A: almost no armour, stealthy swim, amphibious, 8 rings, constrict 8, camouflage
1, gelatinous body 1
a: no special abilities


You were on level 2 of the Dungeon.
You visited 1 branch of the dungeon, and saw 2 of its levels.

You collected 19 gold pieces.

Inventory:

Hand Weapons
 a - a +0 long sword (weapon)
Armour
 b - a +0 kite shield (worn)
Jewellery
 d - a ring of protection from fire (left tentacle)
 e - an uncursed ring of ice
Scrolls
 f - a scroll of teleportation {unknown}
 g - a scroll of identify {unknown}
 h - a scroll of blinking {unknown}
Potions
 c - a potion of might


   Skills:
 + Level 3.1 Fighting
 * Level 2.4 Long Blades
 + Level 3.1 Dodging
 + Level 1.2 Stealth
 + Level 3.1 Shields


You had one spell level left.
You didn't know any spells.
Your spell library was empty.

Dungeon Overview and Level Annotations

Branches:
Dungeon (2/15)

Altars:


Innate Abilities, Weirdness & Mutations

You cannot wear most types of armour.
You are very stealthy in the water. (Stealth+)
You are amphibious.
You can wear up to eight rings at the same time.
You can use your tentacles to constrict eight enemies at once.
Your skin changes colour to match your surroundings (Stealth+).
Your rubbery body absorbs attacks. (AC +1, EV +1)


Message History

You hit the dart slug.
You squeeze the dart slug, but do no damage.
The dart slug is almost dead.
You constrict the dart slug.
You kill the dart slug!
You block the rat's attack.
You completely miss the rat. Your grab misses the rat. The rat bites you.
The worm bites you. The rat closely misses you.
You hit the worm. You grab the worm.
The worm is moderately wounded.
You constrict the worm. The rat bites you. The worm bites you!
You hit the worm.
The worm is heavily wounded.
You constrict the worm. The rat barely misses you. The worm bites you.
* * * LOW HITPOINT WARNING * * *
You barely miss the rat. Your grab misses the rat. You constrict the worm.
The rat bites you.
* * * LOW HITPOINT WARNING * * *
You block the rat's attack. The worm bites you!
You die...

... ## ..
.#### ..
#...K. #.
.#..#
#.##.[.#
##.....###
#........#
#..@r....#
#...w....#
#........#
#..........
..........#
.#..$.......
#.#........#.
. ##########


You could see a worm, a kobold (asleep) and a rat.

Vanquished Creatures
  2 dart slugs
  A bat (D:1)
  A giant cockroach (D:1)
  3 goblins (D:1)
  A hobgoblin (D:1)
  3 kobolds (D:1)
  A frilled lizard (D:1)
  3 rats (D:1)
15 creatures vanquished.

Notes
Turn   | Place    | Note
-------+----------+-------------------------------------------
     0 | D:1      | Tirrikindir the Octopode Fighter began the quest for the
                  | Orb.
     0 | D:1      | Reached XP level 1. HP: 16/16 MP: 1/1
   305 | D:1      | Reached XP level 2. HP: 21/21 MP: 2/2
   483 | D:1      | Reached skill level 1 in Stealth
   840 | D:2      | Mangled by a worm

Illustrated notes

Levels and vault maps discovered:
D:1:      eino_arrival_tree_alley, layout_loops_cross
D:2:      layout_rooms, uniq_jessica

Skill      XL: |  1  2 |
---------------+-------+-----
Stealth        | 1 |  1.2
Fighting       | |  3.1
Long Blades    | |  2.4
Dodging        | |  3.1
Shields        | |  3.1

Action                   || total
-------------------------++-------
Melee: Long sword        ||    25
       Constrict         ||    10
       Tentacles         ||     7
 Stab: Sleeping          ||     4
Dodge: Dodged            ||    10
Block: Kite shield       ||     8
       Rpst.: Long sword ||     2
